 Dungeon Crawl Stone Soup version 0.30-a0-122-g2a1322497e (webtiles) character file.

Game seed: 5822434560764108103

260553 jimonade the Marksant (level 20, -32/165 HPs)
             Began as a Formicid Hunter on July 23, 2022.
             Was a High Priest of Okawaru.
             Killed from afar by an acid blob (37 damage)
             ... with a splash of acid
             ... on level 2 of the Pits of Slime on Sept 17, 2022.
             The game lasted 03:29:51 (46192 turns).

jimonade the Marksant (Formicid Hunter)            Turns: 46192, Time: 03:29:51

Health: -32/165    AC:  0    Str: 16      XL:     20   Next: 74%
Magic:  23/34      EV: 22    Int: 16 (17) God:    Okawaru [*****.]
Gold:   2987       SH: 28    Dex: 29      Spells: 27/40 levels left

rFire   . . .      SeeInvis +    c - +3 longbow (flame)
rCold   . . .      Faith    .    W - +2 tower shield of the Shore {Fly rElec Int+3}
rNeg    . . .      Spirit   .    Y - +3 leather armour of Springtime {Slay+3}
rPois   +          Reflect  .    (helmet unavailable)
rElec   +          Harm     .    R - +0 cloak {Will+}
rCorr   .          Rampage  .    y - +5 pair of gloves of Realargh {-Tele rPois Dex+4}
Will    +++..                    V - +2 pair of boots
Stlth   ++++......               k - amulet of regeneration
HPRegen 0.00/turn                O - ring of wizardry
MPRegen 0.24/turn                q - +6 ring of dexterity

@: heroic, corroded, flying, inhibited regen
A: permanent stasis, dig shafts and tunnels, antennae 3, four strong arms,
deterioration 1, dopey 1, inhibited regeneration
}: 2/15 runes: serpentine, barnacled
a: Dig, Shaft Self, Renounce Religion, Heroism, Finesse, Duel


You were on level 2 of the Pits of Slime.
You worshipped Okawaru.
Okawaru was extremely pleased with you.
You visited 8 branches of the dungeon, and saw 36 of its levels.

You collected 3462 gold pieces.
You spent 475 gold pieces at shops.

Inventory:

Hand Weapons
 a - a +5 shortbow of venom
 b - a +3 longbow of freezing
 c - a +3 longbow of flaming (weapon)
 I - a +0 arbalest
Missiles
 D - 5 curare-tipped darts
 Z - a throwing net
Armour
 r - the +2 chain mail of the Pink Corner {rElec rN+++ MP-9}
   (Okawaru gifted it to you on level 2 of the Shoals)

   rElec:     It insulates you from electricity.
   rN:        It renders you almost immune to negative energy.
   MP:        It affects your magic capacity (-9).
 y - the +5 pair of gloves of Realargh (worn) {-Tele rPois Dex+4}
   (Okawaru gifted it to you on level 5 of the Lair of Beasts)

   Dex:       It affects your dexterity (+4).
   rPois:     It protects you from poison.
   -Tele:     It prevents most forms of teleportation.
 R - a +0 cloak of willpower (worn)
 S - the +1 pair of gloves of Disguise {rC- Regen+ Int+9}
   (Okawaru gifted it to you on level 4 of the Lair of Beasts)

   Int:       It affects your intelligence (+9).
   rC:        It makes you vulnerable to cold.
   Regen:     It increases your rate of health regeneration.
 V - a +2 pair of boots (worn)
 W - the +2 tower shield of the Shore (worn) {Fly rElec Int+3}
   (Okawaru gifted it to you on level 1 of the Snake Pit)

   Int:       It affects your intelligence (+3).
   rElec:     It insulates you from electricity.
   Fly:       It grants you flight.
 Y - the +3 leather armour of Springtime (worn) {Slay+3}
   (You bought it in a shop on level 12 of the Dungeon)

   Slay:      It affects your accuracy & damage with ranged weapons and melee
   (+3).
Magical Staves
 E - a staff of fire
Jewellery
 i - a ring of flight
 k - an amulet of regeneration (around neck)
 n - an amulet of magic regeneration
 q - a +6 ring of dexterity (right hand)
 A - a +4 ring of protection
 C - a ring of resist corrosion
 G - an amulet of guardian spirit
 O - a ring of wizardry (left hand)
 P - a ring of positive energy
 U - an amulet of the acrobat
Wands
 j - a wand of light (15)
 t - a wand of flame (61)
 v - a wand of roots (12)
 z - a wand of paralysis (40)
 N - a wand of polymorph (18)
Scrolls
 d - 3 scrolls of enchant weapon
 l - 5 scrolls of enchant armour
 w - 6 scrolls of immolation
 H - a scroll of brand weapon
 J - 12 scrolls of identify
 M - 10 scrolls of amnesia
 Q - 3 scrolls of fear
 T - a scroll of silence
 X - 4 scrolls of poison
Potions
 e - 6 potions of flight
 f - 8 potions of magic
 g - 24 potions of curing
 h - 6 potions of heal wounds
 m - 3 potions of mutation
 o - 5 potions of lignification
 p - 6 potions of cancellation
 s - 4 potions of brilliance
 B - 5 potions of attraction
 F - 3 potions of ambrosia
 K - a potion of might
 L - a potion of invisibility
Miscellaneous
 x - a condenser vane


   Skills:
 - Level 16.3(21.3) Fighting
 - Level 0.5(5.5) Maces & Flails
 - Level 16.3(21.3) Ranged Weapons
 - Level 9.8(14.8) Armour
 - Level 5.7(10.7) Dodging
 - Level 2.5(7.5) Stealth
 - Level 15.2(20.2) Shields
 + Level 10.7 Spellcasting
 - Level 8.7 Hexes
 * Level 14.6 Ice Magic
 - Level 12.2 Poison Magic
 - Level 13.8 Invocations
 - Level 1.0 Evocations


You had 27 spell levels left.
You knew the following spells:

 Your Spells              Type           Power      Damage    Failure   Level
a - Mephitic Cloud        Conj/Pois/Air  21%        N/A       4%          3
b - Ignite Poison         Fire/Tmut/Pois 21%        N/A       4%          3
c - Inner Flame           Hex/Fire       22%        N/A       3%          3
d - Cause Fear            Hex            18%        N/A       1%          4

Your spell library contained the following spells:

 Spells                   Type           Power      Damage    Failure   Level
 Freeze                   Ice            100%       1d11      1%          1
 Slow                     Hex            100%       N/A       1%          1
 Cigotuvi's Dreadful Rot  Necr/Pois/Air  42%        N/A       1%          2
 Ensorcelled Hibernation  Hex/Ice        92%        N/A       1%          2
 Poisonous Vapours        Pois/Air       56%        N/A       1%          2
 Confusing Touch          Hex            36%        N/A       1%          3
 Frozen Ramparts          Ice            100%       1d16      1%          3
 Ozocubu's Armour         Ice            53%        N/A       1%          3
 Metabolic Englaciation   Hex/Ice        23%        N/A       1%          5
 Hailstorm                Conj/Ice       32%        3d8       3%          4
 Apportation              Tloc           16%        N/A       7%          1
 Static Discharge         Conj/Air       16%        3-4/arc   11%         2
 Ozocubu's Refrigeration  Ice            26%        4d13      14%         7
 Alistair's Intoxication  Tmut/Pois      18%        N/A       16%         5
 Vampiric Draining        Necr           8%         2d6       21%         3
 Freezing Cloud           Conj/Ice/Air   12%        6-21      26%         5
 Airstrike                Air            4%         2d(1-17)  52%         4
 Dispel Undead            Necr           8%         3d8       52%         4
 Sticky Flame             Conj/Fire      8%         2d3       52%         4
 Fireball                 Conj/Fire      4%         3d4       86%         5
 Iskenderun's Battlesphe  Conj           8%         2d6       86%         5
 Lightning Bolt           Conj/Air       4%         1d15      86%         5
 Conjure Ball Lightning   Conj/Air       4%         3x3d6     100%        6
 Orb of Destruction       Conj           4%         9d5       100%        7
 Discord                  Hex            18%        N/A       100%        8
 Polar Vortex             Ice            26%        N/A       100%        9
 Summon Guardian Golem    Hex/Summ       Unusable   N/A       N/A         3
 Summon Small Mammal      Summ           Unusable   N/A       N/A         1
 Call Canine Familiar     Summ           Unusable   N/A       N/A         3
 Simulacrum               Ice/Necr       Unusable   N/A       N/A         6
 Summon Lightning Spire   Summ/Air       Unusable   N/A       N/A         4

Dungeon Overview and Level Annotations

Branches:
Dungeon (15/15)            Temple (1/1) D:4            Lair (5/5) D:11
 Shoals (4/4) Lair:3        Snake (4/4) Lair:2        Slime (4/5) Lair:4
    Orc (2/2) D:12            Elf (1/3) Orc:2        Vaults (0/5) D:14
 Depths (0/4) D:15

Altars:
Ashenzari
Cheibriados
Dithmenos
Elyvilon
Fedhas
Gozag
Hepliaklqana
Kikubaaqudgha
Makhleb
Nemelex Xobeh
Okawaru
Qazlal
Ru
Sif Muna
Trog
Uskayaw
Vehumet
Wu Jian
Xom
Yredelemnul
Zin
The Shining One
Jiyva
Lugonu

Shops:
D:1 =   D:12 [(   D:15 [   Orc:2 [([(   Shoals:4 ([:?(

Portals:
Abyss: Lair:5
Trove: D:14 (give +6 demon trident)

Annotations:
D:5 exclusion: upstairs
D:9 1 runed translucent door, xian's ghost, novice DsAK
Shoals:3 exclusion: downstairs
Shoals:4 Roxanne


Innate Abilities, Weirdness & Mutations

You cannot be hasted, slowed, berserked, paralysed or teleported.
You can dig through walls and to a lower floor.
You have a pair of large antennae on your head. (SInv)
Your four strong arms can wield two-handed weapons with a shield.
Your body sometimes deteriorates upon taking damage.
You are dopey. (Int -2)
You do not regenerate when monsters are visible.


Message History

The splash of acid hits you.
* * * LOW HITPOINT WARNING * * *
The acid corrodes you!
A large slime creature splits.
Fire: c) +3 longbow (flame)
Press: ? - help, Q - select action, (/) - cycle Shift-Dir - straight line, f/p - acid blob
Aim: an acid blob (severely wounded, 92% to hit)
You shoot an arrow.
The arrow completely misses the acid blob.
The acid blob spits acid at you. The splash of acid hits you!!
* * * LOW HITPOINT WARNING * * *
The acid corrodes you! You block the slime creature's attack.
Fire: c) +3 longbow (flame)
Press: ? - help, Q - select action, (/) - cycle Shift-Dir - straight line, f/p - acid blob
Aim: an acid blob (severely wounded, 92% to hit)
You shoot an arrow. The arrow hits the acid blob.
The arrow burns the acid blob.
The acid blob is severely wounded.
You block the slime creature's attack. You block the acid blob's attack.
The slime creature closely misses you.
Fire: c) +3 longbow (flame)
Press: ? - help, Q - select action, (/) - cycle Shift-Dir - straight line, f/p - acid blob
Aim: an acid blob (severely wounded, 92% to hit)
You shoot an arrow.
The arrow hits the acid blob but does no damage.
The acid blob is severely wounded.
The acid blob spits acid at you. The splash of acid hits you!
* * * LOW HITPOINT WARNING * * *
The acid corrodes you! You block the slime creature's attack.
Fire: c) +3 longbow (flame)
Press: ? - help, Q - select action, (/) - cycle Shift-Dir - straight line, f/p - acid blob
Aim: an acid blob (severely wounded, 92% to hit)
You shoot an arrow.
The arrow hits the acid blob but does no damage.
The acid blob is severely wounded.
You block the slime creature's attack. The acid blob spits acid at you.
The splash of acid hits you!!!
You die...

....... ..##
#......#...
#......J#.#
........#.##
...........####
...............
......J........
......J@.......
......J.....#.#
.............#
..........#.##
....#...... #
...##......#
... .......# ..
#........


You could see an acid blob and 3 slime creatures.

Vanquished Creatures
  Vashnia (Snake:3)
  A kraken (Shoals:2)
  10 acid blobs
  Kirke (Snake:3)
  3 azure jellies
  7 nagarajas (Snake:4)
  5 rockslimes
  A frost giant (Shoals:2)
  2 quicksilver oozes (Slime:2)
  Nessos (D:15)
  2 ettins
  3 merfolk javelineers
  4 merfolk impalers
  Josephine (Lair:5)
  A fire dragon (D:15)
  Fannar (D:10)
  2 great orbs of eyes
  4 vault guards (D:14)
  A boulder beetle (Lair:5)
  7 hydras
  10 anacondas
  A catoblepas (D:14)
  2 merfolk avatars (Shoals:4)
  4 merfolk aquamancers
  7 centaur warriors
  2 two-headed ogres
  5 satyrs
  2 dancing weapons (Elf:1)
  23 naga warriors
  4 tengu warriors
  24 naga sharpshooters
  A hell knight (D:15)
  8 shock serpents
  Urug (Lair:3)
  An orc high priest (Orc:2)
  3 thrashing horrors (Lair:5)
  Sonja (Lair:4)
  8 salamander mystics
  A deep elf knight (Elf:1)
  2 wizards (D:15)
  A deep elf archer (Elf:1)
  11 naga ritualists
  12 sea snakes
  2 deep elf pyromancers
  An orc knight (Orc:2)
  14 harpies
  11 ugly things
  4 shining eyes
  12 mana vipers
  4 deep elf zephyrmancers (Elf:1)
  15 manticores
  2 orc sorcerers (Orc:2)
  14 cyclopes
  14 salamanders
  17 fauns
  34 elephants
  A smoke demon (Lair:5)
  40 black mambas
  21 naga magi
  An eye of devastation (Slime:1)
  9 guardian serpents
  6 merfolk sirens
  A torpor snail (Lair:5)
  2 gargoyles (D:11)
  An unseen horror (shapeshifter) (D:13)
  8 water nymphs
  19 cane toads
  3 unseen horrors
  2 rime drakes
  Psyche (D:8)
  Maggie (D:6)
  8 komodo dragons
  3 efreet
  27 merfolk
  3 ancient zymes (Lair:5)
  A meliai (shapeshifter) (Lair:5)
  4 trolls
  Prince Ribbit (D:8)
  A hornet (shapeshifter) (D:14)
  4 wind drakes
  46 slime creatures
  8 snapping turtles
  25 dream sheep
  19 blink frogs
  8 small abominations (Lair:5)
  5 shadows
  2 ynoxinuls (Lair:5)
  4 wraiths
  10 water elementals
  2 spriggans (Lair:5)
  4 wyverns
  12 humans
  3 hogs (Snake:3)
  34 yaks
  10 basilisks
  3 chaos spawn (Lair:5)
  A steam dragon (D:4)
  Grum (D:8)
  6 vampire mosquitoes
  A redback simulacrum (D:15)
  3 wargs (Orc:2)
  An acid dragon (D:8)
  A large abomination (Lair:5)
  54 nagas
  13 water moccasins
  Duvessa (D:7)
  2 ice beasts
  6 black bears
  34 orc warriors
  2 sky beasts (D:7)
  5 ogres
  9 wolves
  19 centaurs
  A phantom (D:5)
  9 bullfrogs
  2 necrophages
  A gnoll sergeant (D:8)
  An earth elemental (Elf:1)
  7 scorpions
  20 wights
  Dowan (D:7)
  11 killer bees
  5 electric eels
  5 howler monkeys
  A jelly (D:6)
  4 hounds
  19 orc priests
  Ijyb (D:4)
  2 gnoll boudas
  14 orc wizards
  2 iguanas (D:6)
  6 hell rats (Lair:5)
  18 gnolls
  8 adders
  13 white imps
  2 worms (D:2)
  A dart slug (D:3)
  83 orcs
  10 ball pythons
  6 endoplasms
  2 giant cockroaches
  6 goblins
  9 hobgoblins
  2 jackals (D:1)
  A quokka (D:2)
  8 bats
  4 frilled lizards
  8 kobolds
  5 rats
1156 creatures vanquished.

Vanquished Creatures (others)
  A black mamba (Snake:1)
  A human (D:14)
  A bush (Lair:4)
  78 fungi
  201 plants
  107 tentacles (Shoals:2)
389 creatures vanquished.

Grand Total: 1545 creatures vanquished

Notes
Turn   | Place    | Note
-------+----------+-------------------------------------------
     0 | D:1      | jimonade the Formicid Hunter began the quest for the Orb.
     0 | D:1      | Reached XP level 1. HP: 16/16 MP: 1/1
    73 | D:1      | Reached XP level 2. HP: 22/22 MP: 2/2
   369 | D:1      | Found Osmevopn's Jewellery Boutique.
   463 | D:1      | Reached XP level 3. HP: 27/27 MP: 3/3
   734 | D:2      | Reached skill level 5 in Ranged Weapons
  1018 | D:2      | Reached XP level 4. HP: 34/34 MP: 4/4
  1166 | D:2      | Found a glowing silver altar of Zin.
  2029 | D:2      | Found a faded altar of an unknown god.
  2140 | D:3      | Reached XP level 5. HP: 10/39 MP: 5/5
  2545 | D:3      | Reached skill level 1 in Armour
  3433 | D:3      | Reached XP level 6. HP: 46/46 MP: 6/6
  3656 | D:4      | Noticed a black bear
  3662 | D:4      | Found a burning altar of Makhleb.
  3704 | D:5      | Entered Level 5 of the Dungeon
  4028 | D:5      | Noticed an ogre
  4032 | D:5      | Killed an ogre
  4402 | D:5      | Reached XP level 7. HP: 52/53 MP: 7/7
  5518 | D:4      | Noticed Ijyb
  5730 | D:4      | Reached XP level 8. HP: 61/61 MP: 8/8
  6029 | D:4      | Found a staircase to the Ecumenical Temple.
  6038 | Temple   | Entered the Ecumenical Temple
  6213 | Temple   | Became a worshipper of Warmaster Okawaru
  6434 | D:4      | Killed Ijyb
  6656 | D:4      | Reached skill level 5 in Fighting
  7072 | D:6      | Noticed Maggie
  7078 | D:6      | Killed Maggie
  7078 | D:6      | Reached * piety under Okawaru
  7079 | D:6      | Reached skill level 1 in Invocations
  7574 | D:6      | Found a glowing silver altar of Zin.
  7588 | D:6      | Reached XP level 9. HP: 68/68 MP: 10/10
  7685 | D:6      | You are sucked into a shaft and drop 1 floor!
  7835 | D:6      | Reached ** piety under Okawaru
  8352 | D:7      | Reached skill level 5 in Armour
  8404 | D:7      | Noticed Duvessa
  8404 | D:7      | Noticed Dowan
  8587 | D:7      | Reached skill level 10 in Ranged Weapons
  8864 | D:7      | Found a broken altar of Ashenzari.
  9026 | D:7      | Reached *** piety under Okawaru
  9029 | D:7      | Reached XP level 10. HP: 56/77 MP: 9/13
  9379 | D:8      | Noticed Prince Ribbit
  9386 | D:8      | Killed Prince Ribbit
  9408 | D:8      | Noticed Grum
  9716 | D:8      | HP: 3/79 [Grum/+1 glaive of flaming (1)]
 10192 | D:8      | Noticed Psyche
 10200 | D:8      | Killed Psyche
 10201 | D:8      | Reached skill level 5 in Invocations
 10311 | D:8      | Found a hazy altar of Hepliaklqana.
 10613 | D:8      | Reached skill level 1 in Spellcasting
 10616 | D:8      | Killed Grum
 10808 | D:8      | Reached **** piety under Okawaru
 11319 | D:9      | Found a runed translucent door.
 11319 | D:9      | Noticed xian's ghost (novice DsAK)
 11449 | D:9      | Noticed a two-headed ogre
 11453 | D:9      | Reached XP level 11. HP: 87/87 MP: 15/15
 11525 | D:9      | Noticed a cyclops
 11530 | D:9      | Killed a cyclops
 11812 | D:9      | Killed a two-headed ogre
 11941 | D:9      | Found a white marble altar of Elyvilon.
 11941 | D:9      | Found a shadowy altar of Dithmenos.
 12202 | D:10     | Entered Level 10 of the Dungeon
 12288 | D:10     | Reached ***** piety under Okawaru
 12509 | D:10     | Noticed Fannar
 12528 | D:10     | Killed Fannar
 12528 | D:10     | Received a gift from Okawaru
 13020 | D:11     | Reached skill level 1 in Poison Magic
 13023 | D:11     | Noticed a white ugly thing
 13512 | D:11     | Found a staircase to the Lair.
 13812 | D:11     | Identified the +10 great mace of the Illusory Realms
                  | {antimagic, rPois}
 14113 | D:11     | Reached skill level 1 in Evocations
 14181 | D:11     | Reached skill level 10 in Fighting
 14881 | D:11     | Killed a white ugly thing
 14882 | D:11     | Reached XP level 12. HP: 97/97 MP: 10/17
 15134 | Lair:1   | Entered Level 1 of the Lair of Beasts
 15291 | D:9      | Found a hide-covered altar of Uskayaw.
 15489 | D:7      | Killed Duvessa
 15496 | D:7      | Killed Dowan
 16162 | D:12     | Found Tiuv Uha's Weapon Emporium.
 16164 | D:12     | Found a staircase to the Orcish Mines.
 16166 | D:12     | Found Cack's Armour Emporium.
 16252 | D:12     | Bought the +3 leather armour of Springtime {Slay+3} for 475
                  | gold pieces
 16365 | D:12     | Noticed a four-headed hydra
 16880 | D:12     | Noticed a seven-headed hydra
 16907 | Orc:1    | Entered Level 1 of the Orcish Mines
 16954 | Orc:2    | Entered Level 2 of the Orcish Mines
 16954 | Orc:2    | Found a staircase to the Elven Halls.
 17054 | Orc:2    | Noticed a centaur warrior
 17071 | Orc:2    | Killed a centaur warrior
 17072 | Orc:2    | Reached skill level 5 in Spellcasting
 17558 | Orc:2    | Noticed an orc high priest
 17561 | Orc:2    | Noticed a sixfirhy
 17564 | Orc:2    | Noticed a sixfirhy
 17675 | Orc:2    | Reached skill level 5 in Poison Magic
 17721 | Orc:2    | Reached XP level 13. HP: 85/106 MP: 13/21
 17968 | Orc:2    | Found Ziet's Antique Armour Shoppe.
 17968 | Orc:2    | Found Waxel's Antique Weapon Shop.
 18002 | Orc:2    | Found Naber's Armour Boutique.
 18004 | Orc:2    | Found Buahiof's Antique Weapon Emporium.
 18316 | Orc:1    | Noticed an ettin
 18326 | Orc:1    | Killed an ettin
 18623 | D:12     | Killed a seven-headed hydra
 18679 | D:12     | Killed a four-headed hydra
 19774 | Lair:1   | Noticed a six-headed hydra
 19783 | Lair:1   | Killed a six-headed hydra
 19902 | Lair:1   | Reached skill level 1 in Shields
 20531 | Lair:2   | Reached skill level 1 in Hexes
 20531 | Lair:2   | Reached skill level 10 in Invocations
 20550 | Lair:2   | Noticed a seven-headed hydra
 20569 | Lair:2   | Killed a seven-headed hydra
 20665 | Lair:2   | Received a gift from Okawaru
 20831 | Lair:2   | Reached XP level 14. HP: 110/116 MP: 24/24
 21130 | Lair:2   | Learned a level 3 spell: Mephitic Cloud
 21134 | Lair:2   | Learned a level 3 spell: Ignite Poison
 21138 | Lair:2   | Learned a level 3 spell: Inner Flame
 21143 | Lair:2   | Learned a level 4 spell: Cause Fear
 21498 | Lair:2   | Found a staircase to the Snake Pit.
 21655 | Lair:3   | Found a staircase to the Shoals.
 21656 | Lair:3   | You fall into a shaft and drop 1 floor!
 21657 | Lair:4   | Upgraded the game from 0.29-a0-892-g2c4c91d9db to
                  | 0.29-a0-902-g0f71de6fce
 21657 | Lair:4   | Upgraded the game from 0.29-a0-902-g0f71de6fce to
                  | 0.29-a0-911-g88e6f02907
 21776 | Lair:4   | Received a gift from Okawaru
 22307 | Lair:4   | Identified the +1 pair of gloves of Disguise {rC- Regen+
                  | Int+9} (Okawaru gifted it to you on level 4 of the Lair of
                  | Beasts)
 22307 | Lair:4   | Received a gift from Okawaru
 22375 | Lair:3   | Noticed Urug
 22392 | Lair:3   | Killed Urug
 22565 | Lair:3   | Reached skill level 5 in Shields
 23714 | Lair:4   | Noticed Sonja
 23724 | Lair:4   | Killed Sonja
 24170 | Lair:4   | Reached XP level 15. HP: 70/124 MP: 26/26
 24625 | Lair:4   | Found a viscous altar of Jiyva.
 24625 | Lair:4   | Found a staircase to the Slime Pits.
 24939 | Lair:5   | Entered Level 5 of the Lair of Beasts
 25089 | Lair:5   | Reached skill level 5 in Hexes
 25380 | Lair:5   | Noticed Josephine
 25410 | Lair:5   | Killed Josephine
 26421 | Lair:5   | Identified the +5 pair of gloves of Realargh {-Tele rPois
                  | Dex+4} (Okawaru gifted it to you on level 5 of the Lair of
                  | Beasts)
 26421 | Lair:5   | Received a gift from Okawaru
 26748 | Lair:5   | Found a corrupted altar of Lugonu.
 26748 | Lair:5   | Found a one-way gate to the infinite horrors of the Abyss.
 27351 | Lair:5   | Reached skill level 10 in Poison Magic
 27357 | Lair:5   | Reached skill level 5 in Dodging
 27703 | Shoals:1 | Entered Level 1 of the Shoals
 28312 | Shoals:1 | Reached XP level 16. HP: 121/134 MP: 28/28
 29548 | Shoals:2 | Identified the +2 chain mail of the Pink Corner {rElec
                  | rN+++ MP-9} (Okawaru gifted it to you on level 2 of the
                  | Shoals)
 29548 | Shoals:2 | Received a gift from Okawaru
 29550 | Shoals:2 | Noticed a frost giant
 29771 | Shoals:2 | Killed a frost giant
 30280 | Shoals:2 | Reached skill level 15 in Fighting
 30515 | Shoals:2 | Noticed a kraken
 31268 | Shoals:2 | Reached skill level 15 in Ranged Weapons
 31882 | Shoals:2 | Killed a kraken
 32491 | Shoals:3 | Upgraded the game from 0.29-a0-911-g88e6f02907 to
                  | 0.30-a0-122-g2a1322497e
 33009 | Shoals:4 | Entered Level 4 of the Shoals
 33009 | Shoals:4 | Identified Roxanne's Directory of Transmogrification
 33009 | Shoals:4 | Noticed Roxanne
 33199 | Elf:1    | Entered Level 1 of the Elven Halls
 33222 | Elf:1    | Reached XP level 17. HP: 117/142 MP: 21/30
 33787 | Shoals:4 | Found Geocs's Magic Scroll Boutique.
 33798 | Shoals:4 | Received a gift from Okawaru
 33828 | Shoals:4 | Found Doto's Book Emporium.
 34588 | Shoals:4 | Identified the +6 sling of Compulsion {flame, Int+6}
 35345 | Shoals:4 | Found Iku Vaoq's Weapon Boutique.
 35548 | Shoals:4 | Got a barnacled rune of Zot
 35593 | Shoals:4 | Found Ifik's Antique Armour Shoppe.
 35912 | Snake:1  | Entered Level 1 of the Snake Pit
 36143 | D:13     | Identified a scroll of acquirement
 37024 | D:14     | Found a portal to a secret trove of treasure.
 37202 | D:14     | Acquired the Secrets of Graupel
 37374 | D:14     | Reached skill level 10 in Shields
 37427 | D:14     | Reached skill level 1 in Ice Magic
 37558 | D:14     | Received a gift from Okawaru
 37605 | D:14     | Found a gate to the Vaults.
 37698 | D:15     | Entered Level 15 of the Dungeon
 37872 | D:15     | Noticed Nessos
 37883 | D:15     | Killed Nessos
 37889 | D:15     | Reached XP level 18. HP: 39/151 MP: 24/31
 38027 | D:15     | Found a staircase to the Depths.
 38270 | D:15     | Reached skill level 10 in Spellcasting
 38456 | D:15     | Found Tycviory's Armour Shop.
 39113 | Snake:1  | Identified the +2 tower shield of the Shore {Fly rElec
                  | Int+3} (Okawaru gifted it to you on level 1 of the Snake
                  | Pit)
 39113 | Snake:1  | Received a gift from Okawaru
 39409 | Snake:1  | Identified the +6 halberd "Isokkus" {flame, *Corrode Fly
                  | rPois rC+}
 39460 | Snake:1  | Identified the +10 demon whip of Sejenu {vamp, rElec SInv}
 40229 | Snake:2  | Reached skill level 5 in Ice Magic
 41561 | Snake:3  | Reached XP level 19. HP: 157/157 MP: 33/33
 41568 | Snake:3  | Noticed Kirke
 41591 | Snake:3  | Killed Kirke
 41592 | Snake:3  | Reached skill level 15 in Shields
 41778 | Snake:3  | Noticed Vashnia
 41821 | Snake:3  | Killed Vashnia
 41841 | Snake:3  | Received a gift from Okawaru
 42454 | Snake:4  | Entered Level 4 of the Snake Pit
 43057 | Snake:4  | Reached skill level 10 in Ice Magic
 43225 | Snake:4  | Identified the +6 chain mail "Tineahom" {+Inv rF- Regen+
                  | Int+6}
 43522 | Snake:4  | Identified the +3 ring mail of Cocytus {rF+} (Okawaru
                  | gifted it to you on level 4 of the Snake Pit)
 43522 | Snake:4  | Received a gift from Okawaru
 43757 | Snake:4  | Reached XP level 20. HP: 165/165 MP: 34/34
 43974 | Snake:4  | Got a serpentine rune of Zot
 44558 | Slime:1  | Entered Level 1 of the Pits of Slime
 45359 | Slime:2  | Gained mutation: You are dopey. (Int -2) [a shining eye]
 45362 | Slime:2  | Gained mutation: You do not regenerate when monsters are
                  | visible. [a shining eye]
 45419 | Slime:3  | Gained mutation: Your body sometimes deteriorates upon
                  | taking damage. [a shining eye]
 46191 | Slime:2  | HP: 5/165 [acid blob/splash of acid (15)]
 46192 | Slime:2  | Killed from afar by an acid blob

Illustrated notes

Levels and vault maps discovered:
D:1:      elethiomel_arrival_maze, layout_rooms, serial_shops,
          nicolae_shop_behind_doors, minmay_stone_trees_medium, chequers_jeans,
          due_unseen_surprise
D:2:      layout_basic, basic_altar, shapermc_ecumenical_altar_petra
D:3:      layout_basic
D:4:      layout_layer_cave, bloody_makhleb, minmay_temple_entry_glassed_door,
          uniq_ijyb
D:5:      layout_gridville, corexii_leaking_fountain
D:6:      layout_loops_ring, mainiacjoe_overflow_paths,
          hangedman_abyss_or_decor_stagger, eino_curves_01, uniq_maggie
D:7:      layout_gridville, cheibrodos_ashenzari_chains, uniq_duvessa
D:8:      layout_rooms, lemuel_round_altar, minmay_misc_feat_tower,
          kennysheep_generic_room_2, uniq_grum, uniq_prince_ribbit1, uniq_psyche
D:9:      layout_loops_ring, nicolae_overflow_hidden_temple,
          hellmonk_ghost_big_iron
D:10:     layout_irregular_city, uniq_fannar
D:11:     layout_loops_ring, due_lair_maze_entry_diamond
D:12:     layout_basic, orc_david_3
D:13:     layout_stronghold
D:14:     layout_rooms, ximxim_vaults_locker_room, enter_trove_5
D:15:     hangedman_depths_entry_civil_slaughter, layout_irregular_city,
          serial_shops, shop, drop_trap, uniq_nessos
Temple:   bh_familiar_temple
Lair:1:   layout_hall_layers, st_stairs_10
Lair:2:   layout_misc_corridors, minmay_snake_entry_guardpost_medium
Lair:3:   statuecave_lemuel, layout_regular_city, minmay_shoals_entry_beasts,
          portal_ice_cave_entry_imps, lemuel_fruit_fields, uniq_urug
Lair:4:   layout_regular_city, dpeg_slime_entry_corner,
          nicolae_lair_grazing_beasts [nicolae_sub_lair_graze_edge,
          nicolae_sub_lair_graze_edge, nicolae_sub_lair_graze_edge,
          nicolae_sub_lair_graze_edge], lemuel_fruit_fields,
          infiniplex_staircase_pool_2, uniq_sonja
Lair:5:   hellmonk_lair_end_abyssal_woods, layout_layer_cave,
          serial_bayou_ford_a, uniq_josephine
Shoals:1: layout_shoals
Shoals:2: layout_shoals, st_cyclops
Shoals:3: layout_shoals, ldierk_geyser
Shoals:4: shoals_end_hangedman, layout_shoals, serial_shops,
          nicolae_shop_advertising_works [nicolae_subvault_shop_adworks], shop,
          shop, shop_fountains, nicolae_shop_trees, uniq_roxanne
Snake:1:  layout_rooms, nicolae_snake_snakewalk, serial_bayou_shore_a
Snake:2:  layout_cave_town, st_stairs_11, serial_bayou_shore_b,
          grunt_megastairs_2
Snake:3:  layout_gridlike, special_room, uniq_vashnia, uniq_kirke
Snake:4:  johnstein_snake_rune_scales, layout_cave_town
Slime:1:  cheibrodos_slime_lost_civilization_9, layout_caves
Slime:2:  layout_caves
Slime:3:  layout_caves
Slime:4:  layout_caves
Orc:1:    layout_diamond_mine
Orc:2:    st_orc_rangers, layout_caves
Elf:1:    layout_rooms, basic_altar, kennysheep_underground_church,
          hangedman_glass_teeth, minivault_23, uniq_jorgrun

Skill      XL: |  1  2  3  4  5  6  7  8  9 10 11 12 13 14 15 16 17 18 19 20 |
---------------+-------------------------------------------------------------+-----
Ranged Weapons | 5 6 7 8 10 11 12 13 14 15 16 | 16.3
Armour         | 1 2 3 4 5 6 7 8 9 |  9.8
Fighting       | 3 4 5 6 8 10 11 12 13 14 15 16 | 16.3
Dodging        | 2 3 4 5 |  5.7
Invocations    | 1 4 5 7 8 10 11 12 13 | 13.8
Spellcasting   | 2 3 5 6 7 8 9 10 | 10.7
Poison Magic   | 3 5 7 8 10 11 12 | 12.2
Evocations     | 1 |  1.0
Shields        | 2 6 8 9 10 14 15 | 15.2
Hexes          | 2 4 6 7 8 |  8.7
Stealth        | 2 |  2.5
Ice Magic      | 2 6 11 14 | 14.6
Maces & Flails | |  0.5

Action                   |  1- 3 |  4- 6 |  7- 9 | 10-12 | 13-15 | 16-18 | 19-21 || total
-------------------------+-------+-------+-------+-------+-------+-------+-------++-------
Melee: Great mace        |       |       |       |     5 |       |       |       ||     5
       Shortbow          |       |       |       |       |     1 |     3 |       ||     4
 Fire: Shortbow          |    82 |   167 |   325 |   755 |  1582 |  1469 |    42 ||  4422
       Arbalest          |       |       |       |       |       |    11 |       ||    11
       Sling             |       |       |       |       |       |     8 |       ||     8
       Longbow           |       |       |       |       |       |   415 |   999 ||  1414
 Cast: Cause Fear        |       |       |       |       |       |    19 |    10 ||    29
       Mephitic Cloud    |       |       |       |       |       |     5 |       ||     5
       Ignite Poison     |       |       |       |       |       |     1 |       ||     1
       Inner Flame       |       |       |       |       |       |     1 |       ||     1
Invok: Heroism           |       |       |     1 |    25 |    25 |    23 |    17 ||    91
       Finesse           |       |       |       |    11 |    13 |    15 |    15 ||    54
 Abil: Dig               |       |       |       |     1 |     2 |     1 |       ||     4
Evoke: Wand              |       |     4 |     9 |    11 |     1 |       |       ||    25
  Use: Scroll            |       |     9 |     5 |     9 |     6 |     7 |       ||    36
       Potion            |       |       |       |       |       |     1 |       ||     1
Armor: Leather armour    |     7 |     3 |       |    18 |   112 |   194 |    56 ||   390
       Ring mail         |       |    39 |    45 |       |       |       |       ||    84
       Scale mail        |       |       |     4 |    75 |       |       |       ||    79
       Swamp dragon scal |       |       |    20 |    18 |   111 |       |       ||   149
Dodge: Dodged            |    12 |    67 |    95 |   283 |   477 |   420 |   106 ||  1460
Block: Buckler           |       |       |       |       |   223 |   213 |       ||   436
       Tower shield      |       |       |       |       |       |   211 |   434 ||   645
       Kite shield       |       |       |       |       |       |    10 |       ||    10

Table legend: (Time is in decaauts)
 A = Elapsed time spent in this place.
 B = Non-inter-level travel time spent in this place.
 C = Inter-level travel time spent in this place.
 D = Time resting spent in this place.
 E = Time spent auto-exploring this place.
 F = Levels seen in this place.
 G = Mean time per level.
                   A        B        C        D        E       F      G
               +--------+--------+--------+--------+--------+-----+--------+
         Total |  44901 |  41623 |   3278 |   8317 |  16340 |  36 | 1247.2 |
       Dungeon |  20609 |  18822 |   1787 |   3475 |   8439 |  15 | 1373.9 |
        Temple |    193 |    169 |     24 |      0 |    161 |   1 |  193.0 |
          Lair |   8797 |   7983 |    814 |   1674 |   2985 |   5 | 1759.4 |
        Shoals |   7119 |   6799 |    320 |   1877 |   1683 |   4 | 1779.8 |
     Snake Pit |   5113 |   4920 |    193 |    465 |   2220 |   4 | 1278.2 |
    Slime Pits |   1203 |   1185 |     18 |    421 |    391 |   4 |  300.8 |
  Orcish Mines |   1594 |   1474 |    120 |    358 |    457 |   2 |  797.0 |
   Elven Halls |    270 |    270 |      0 |     47 |      4 |   1 |  270.0 |
               +--------+--------+--------+--------+--------+-----+--------+

Top non-repeatable levels by time:
  Lair:5: 2346 daAuts
    D:11: 2255 daAuts
Shoals:1: 2175 daAuts
  Lair:4: 2125 daAuts
     D:7: 1982 daAuts
Shoals:2: 1867 daAuts
  Lair:3: 1840 daAuts
     D:2: 1794 daAuts
     D:4: 1793 daAuts
 Snake:4: 1759 daAuts
     D:5: 1684 daAuts
Shoals:4: 1599 daAuts
    D:12: 1531 daAuts
Shoals:3: 1475 daAuts
    D:10: 1398 daAuts
